 Dungeon Crawl Stone Soup version 0.13.1-28-g3517093 (console) character file.

10886 stopandthink the Severer (level 11, -35/84 HPs)
             Began as a Centaur Berserker on Mar 19, 2014.
             Was a High Priest of Trog.
             Annihilated by an orc warlord
             ... wielding a +0,+1 orcish bardiche
              (37 damage)
             ... on Level 3 of the Orcish Mines.
             The game lasted 00:40:27 (6231 turns).

stopandthink the Severer (Centaur Berserker)        Turns: 6231, Time: 00:40:27

HP -35/84        AC 13     Str 20      XL: 11   Next: 38%
MP   7/7         EV  5     Int  9      God: Trog [*****.]
Gold 246         SH  0     Dex  9      Spells:  0 memorised, 10 levels left

Res.Fire  : . . .   See Invis. : .   d - +4,+6 battleaxe (elec)
Res.Cold  : + . .   Warding    : .   E - +2 chain mail {rC+}
Life Prot.: . . .   Conserve   : +   (no shield)
Res.Poison: .       Res.Corr.  : .   G - +0 orc helmet
Res.Elec. : .       Clarity    : .   K - +1 dwarf cloak
Sust.Abil.: . .     Spirit.Shd : .   M - +0 pair of gauntlets
Res.Mut.  : .       Stasis     : .   (no barding)
Res.Rott. : .       Flight     : .   y - amulet of conservation
Saprovore : . . .                    (no ring)
                                     i - ring of teleport control

@: very quick, somewhat resistant to hostile enchantments, extremely unstealthy
A: hooves 3, deformed body, herbivore 1, speed 2, fast metabolism 1, tough skin
3
a: Burn Spellbooks, Berserk, Trog's Hand, Brothers in Arms, Renounce Religion,
Evoke Teleport Control


You were on level 3 of the Orcish Mines.
You worshipped Trog.
Trog was extremely pleased with you.
You were not hungry.

You visited 3 branches of the dungeon, and saw 17 of its levels.

You collected 1252 gold pieces.
You spent 1026 gold pieces at shops.

Inventory:

Hand weapons
 b - a +4 blowgun
 d - a +4,+6 battleaxe of electrocution (weapon)
 D - a +1,+3 dwarven falchion of flaming
 J - a -1,+1 orcish broad axe
Armour
 E - a +2 chain mail of cold resistance (worn)
 G - a +0 orcish helmet (worn)
 K - a +1 dwarven cloak (worn)
 L - a +2 orcish robe of fire resistance
 M - a +0 pair of gauntlets (worn)
Magical devices
 a - a wand of teleportation (6) {unknown}
 f - a wand of heal wounds (5)
 n - a wand of paralysis (11) {unknown}
 P - a wand of draining (5) {unknown}
 Q - a wand of lightning (4) {unknown}
Comestibles
 c - 6 bread rations
 g - 6 meat rations
 k - 3 chunks of orc flesh
 F - 5 pears
 H - 8 cheeses
Scrolls
 e - 3 scrolls of noise {unknown}
 j - 3 scrolls of fear {unknown}
 l - 5 scrolls of remove curse {unknown}
 r - 2 scrolls of curse jewellery {unknown}
 v - a scroll of enchant weapon II
 A - a scroll of immolation
 C - 2 scrolls of fog
Jewellery
 i - a ring of teleport control (left hand)
 y - an amulet of conservation (around neck)
Potions
 h - a potion of curing
 m - 3 potions of heal wounds {unknown}
 p - a potion of might {unknown}
 s - 3 potions of restore abilities {unknown}
 t - a potion of flight {unknown}
 u - 3 potions of agility {unknown}
 w - a potion of poison {unknown}
 B - a potion of confusion {unknown}
 I - a potion of resistance {unknown}
 O - a potion of brilliance {unknown}
Books
 z - a book of Envenomations

   Spells                             Type                      Level
   Spider Form                        Transmutation/Poison         3
   Poison Weapon                      Charms/Poison                3
   Summon Scorpions                   Summoning/Poison             4
   Olgreb's Toxic Radiance            Poison                       4
   Poisonous Cloud                    Conjuration/Poison/Air       6
   Trog disapproves of the use of such an item.


   Skills:
 - Level 3.0 Fighting
 + Level 15.8 Axes
 - Level 1.3 Armour
 - Level 1.3 Dodging


You had 10 spell levels left.
You didn't know any spells.

Dungeon Overview and Level Annotations

Branches:
Dungeon (12/27)            Temple (1/1) D:7             Orc (4/4) D:10
   Lair (0/8) D:10
    Elf: Orc:3-4

Altars:
Ashenzari
Elyvilon
Makhleb
Nemelex Xobeh
Okawaru
Sif Muna
Trog
Vehumet
Xom
Yredelemnul
Zin
Beogh

Shops:
D:4 [   Orc:4 *


Innate Abilities, Weirdness & Mutations

You have hooves in place of feet.
Armour fits poorly on your strangely shaped body.
You digest meat inefficiently.
You cover ground very quickly.
You have a fast metabolism.
You have extremely tough skin (AC +3).


Message History

The orc priest shouts!
The orc priest calls down the wrath of Beogh upon you.
Something smites you!
* * * LOW HITPOINT WARNING * * *
The orc throws an orcish hand axe.
The orcish hand axe hits you!
* * * LOW HITPOINT WARNING * * *
The orc sorcerer picks up an orcish hand axe.
The orc priest invokes the aid of Beogh against you.
You resist.
The orc warrior hits you with an orcish morningstar!
* * * LOW HITPOINT WARNING * * *
The orc warrior hits you with an orcish trident.
* * * LOW HITPOINT WARNING * * *
The orc hits you with an orcish club.
* * * LOW HITPOINT WARNING * * *
The warg bites you.
* * * LOW HITPOINT WARNING * * *
The warg claws you but does no damage.
The orc warlord hits you from afar with an orcish bardiche!
You die...

... .........
.......$#oo
........... .
o..o...o.o. ...
#.#.o..ooo#o#..
o..o..ooo......
...o.o.hooh......
..o....o@oT......
.#....$..oo......
##..o.o.......$
#.............
#o..o.o$o.....
##...........
#....o.....
.......oo .#.


You could see an orc warlord, a troll, 8 orc warriors, an orc sorcerer, 2 wargs,
4 orc priests, 2 orc wizards and 18 orcs.

Vanquished Creatures
  A hydra (D:9)
  The ghost of oldblader the Thaumaturge, a powerful DsWz of Sif Muna (D:10)
  An orc knight (Orc:3)
  7 elephants
  The ghost of stopandthink the Chopper, an average CeBe of Trog (D:5)
  A troll (Orc:1)
  A two-headed ogre (D:9)
  3 yaks (D:9)
  A hungry ghost (D:7)
  2 ice beasts
  9 orc warriors
  A sky beast (D:7)
  A giant goldfish (Orc:2)
  12 ogres
  3 wargs
  A giant slug (D:10)
  3 big kobolds (D:9)
  3 giant frogs
  2 agate snails (D:10)
  A troll zombie (D:10)
  A jellyfish (Orc:2)
  3 killer bees (D:7)
  A yak skeleton (D:9)
  3 crimson imps
  20 orc priests
  A gnoll shaman (D:9)
  A quasit (D:10)
  25 orc wizards
  3 iguanas
  4 worker ants
  2 sheep (D:9)
  An ogre skeleton (D:6)
  9 gnolls
  4 adders
  A giant centipede (D:10)
  3 worms
  3 giant geckos
  114 orcs
  2 giant cockroaches
  7 hobgoblins
  2 quokkas
  2 bats
  3 giant newts
  A giant newt skeleton (D:4)
  A gnoll zombie (D:5)
  17 goblins
  2 jackals (D:7)
  A jackal skeleton (D:4)
  4 kobolds
  An orc zombie (D:10)
  4 rats
  A fungus (Orc:2)
  A plant (D:1)
303 creatures vanquished.

Notes
Turn   | Place    | Note
--------------------------------------------------------------
     0 | D:1      | stopandthink, the Centaur Berserker, began the quest for the Orb.
     0 | D:1      | Reached XP level 1. HP: 19/19 MP: 0/0
   293 | D:3      | Noticed an iguana
   296 | D:3      | Killed an iguana
   296 | D:3      | Reached XP level 2. HP: 26/26 MP: 1/1
   334 | D:3      | Noticed an iguana
   361 | D:3      | Killed an iguana
   361 | D:3      | Reached skill level 4 in Axes
   361 | D:3      | Reached XP level 3. HP: 23/33 MP: 2/2
   631 | D:4      | Reached XP level 4. HP: 29/39 MP: 2/2
   663 | D:4      | Acquired Trog's second power
   730 | D:4      | Noticed an ogre
   736 | D:4      | Killed an ogre
   736 | D:4      | Reached skill level 5 in Axes
   736 | D:4      | Reached XP level 5. HP: 32/45 MP: 3/3
   850 | D:5      | Entered Level 5 of the Dungeon
   906 | D:5      | Noticed stopandthink's ghost (average CeBe)
   917 | D:5      | Killed stopandthink's ghost
   917 | D:5      | Reached skill level 7 in Axes
   917 | D:5      | Reached XP level 6. HP: 52/52 MP: 4/4
  1007 | D:4      | Found Thanih's Antique Armour Shoppe.
  1015 | D:4      | Bought a spiked helmet for 40 gold pieces
  1301 | D:6      | Reached XP level 7. HP: 49/58 MP: 4/4
  1396 | D:6      | Got a polished falchion
  1417 | D:6      | Reached skill level 8 in Axes
  1518 | D:6      | Found a radiant altar of Vehumet.
  1671 | D:7      | Reached skill level 9 in Axes
  1671 | D:7      | Reached XP level 8. HP: 28/66 MP: 5/5
  1709 | D:7      | Found a staircase to the Ecumenical Temple.
  1721 | Temple   | Entered the Ecumenical Temple
  2434 | D:4      | Bought a glowing chain mail for 176 gold pieces
  2706 | D:10     | Entered Level 10 of the Dungeon
  2851 | D:9      | Reached skill level 10 in Axes
  2928 | D:9      | Noticed a two-headed hydra
  2936 | D:9      | Killed a hydra
  2936 | D:9      | Reached skill level 11 in Axes
  2936 | D:9      | Reached XP level 9. HP: 71/71 MP: 6/6
  3091 | D:9      | Reached skill level 12 in Axes
  3346 | D:8      | Found a glowing silver altar of Zin.
  3773 | D:8      | Acquired Trog's third power
  3883 | D:9      | Found a basalt altar of Yredelemnul.
  4012 | D:10     | Noticed oldblader's ghost (powerful DsWz)
  4025 | D:10     | Killed oldblader's ghost
  4025 | D:10     | Reached skill level 13 in Axes
  4025 | D:10     | Reached XP level 10. HP: 78/78 MP: 6/6
  4092 | D:10     | Found a staircase to the Orcish Mines.
  4143 | D:10     | Noticed an elephant
  4144 | D:10     | Noticed an elephant
  4145 | D:10     | Noticed an elephant
  4147 | D:10     | Noticed an elephant
  4147 | D:10     | Noticed an elephant
  4148 | D:10     | Noticed an elephant
  4164 | D:9      | Killed an elephant
  4228 | D:10     | Found a staircase to the Lair.
  4228 | D:10     | Noticed an elephant
  4255 | D:10     | Killed an elephant
  4296 | D:10     | Noticed an elephant
  4326 | D:10     | Killed an elephant
  4327 | D:10     | Killed an elephant
  4327 | D:10     | Reached skill level 14 in Axes
  4384 | D:10     | Killed an elephant
  4447 | D:10     | Killed an elephant
  4459 | Orc:1    | Entered Level 1 of the Orcish Mines
  4489 | D:10     | Killed an elephant
  4644 | Orc:1    | scroll ZORUGO destroyed
  4799 | Orc:2    | Found a burning altar of Makhleb.
  4854 | Orc:2    | Reached skill level 15 in Axes
  4854 | Orc:2    | Reached XP level 11. HP: 84/84 MP: 7/7
  5086 | Orc:2    | Received a gift from Trog
  5091 | Orc:2    | Identified the falchion of the World {freeze, rN+ MR+} (You found it on level 6 of the Dungeon)
  5234 | Orc:2    | Found a roughly hewn altar of Beogh.
  5733 | Orc:3    | Received a gift from Trog
  5856 | Orc:4    | Entered Level 4 of the Orcish Mines
  5884 | Orc:4    | Found a roughly hewn altar of Beogh.
  5898 | Orc:4    | Found Tofaonn's General Store.
  5922 | Orc:4    | Bought a wand of heal wounds (5) for 810 gold pieces
  5998 | Orc:4    | Found a roughly hewn altar of Beogh.
  6145 | Orc:4    | Found a roughly hewn altar of Beogh.
  6207 | Orc:4    | Found a roughly hewn altar of Beogh.
  6230 | Orc:3    | Noticed an orc warlord
  6231 | Orc:3    | HP: 4/84 [orc/orcish club[an orc warlord] (4)]
  6231 | Orc:3    | Annihilated by an orc warlord

Action                   |  1- 3 |  4- 6 |  7- 9 | 10-12 || total
-------------------------+-------+-------+-------+-------++-------
Melee: Hand axe          |    41 |     7 |       |       ||    48
       War axe           |     6 |    46 |   166 |       ||   218
       Falchion          |       |       |     6 |       ||     6
       Broad axe         |       |       |    67 |   316 ||   383
       Battleaxe         |       |       |       |    53 ||    53
Invok: Berserk           |     2 |     4 |    13 |    10 ||    29
       Trog's Hand       |       |       |     4 |    11 ||    15
  Use: Scroll            |       |       |       |     5 ||     5
